 Dungeon Crawl Stone Soup version 0.31-b1-20-g67cafac56d (webtiles) character file.

Game seed: 14056204743013102718

57 hawla the Scratcher (level 3, -1/18 HPs)
             Began as a Felid Shapeshifter on Jan 17, 2024.
             Slain by a ribbon worm (7 damage)
             ... on level 2 of the Dungeon.
             The game lasted 00:02:17 (991 turns).

hawla the Scratcher (Felid Shapeshifter)             Turns: 991, Time: 00:02:17

Health: -1/18      AC:  1    Str: 12    XL:     3   Next: 73%
Magic:  4/4        EV: 17    Int: 13    God:
Gold:   61         SH:  0    Dex: 15    Spells: 2/2 levels left
                                        Lives:  0   Deaths: 1

rFire   . .          .
                       - Unarmed
rCold   . . .        (shield unavailable)
rNeg    . . .        (body armour unavailable)
rPois   .            (helmet unavailable)
rElec   .            (cloak unavailable)
rCorr   .            (gloves unavailable)
SInv    +            (boots unavailable)
Will    .....        (no amulet)
Stlth   +            (no ring)
HPRegen 0.23/turn    (no ring)
MPRegen 0.09/turn

%: no passive effects
@: beast-form
A: beast (slay +1), very small, claws 1, fangs 3, see invisible, shaggy fur 1,
stealthy paws, no weapons or thrown items, no armour, multi-lived
a: Begin Untransformation


You were on level 2 of the Dungeon.
You were a hulking beast.
You visited 1 branch of the dungeon, and saw 2 of its levels.

You collected 61 gold pieces.

Inventory:

Talismans
 b - a beast talisman
 c - a flux talisman
Scrolls
 d - a scroll of poison {unknown}
 e - a scroll of brand weapon {unknown}
 f - 3 scrolls of identify {unknown}
 g - a scroll of teleportation {unknown}
 h - a scroll of vulnerability {unknown}
Potions
 a - a potion of might {unknown}


   Skills:
 - Level 1.0 Fighting
 - Level 2.6 Dodging
 + Level 4.0 Unarmed Combat
 + Level 3.4 Shapeshifting


You had 2 spell levels left.
You didn't know any spells.
Your spell library was empty.

Dungeon Overview and Level Annotations

Branches:
Dungeon (2/15)

Altars:


Innate Abilities, Weirdness & Mutations

You are a hulking beast.
Your limbs bulge with bestial killing power. (Slay +1)
You have sharp claws.
You have razor-sharp teeth.
You have supernaturally acute eyesight. (SInv)
You are covered in fur. (AC +1)
Your paws help you pounce on unaware monsters.
You are incapable of wielding weapons or throwing items.
You cannot wear armour.
You gain extra lives every three experience levels.


Message History

The kobold is severely wounded.
The kobold barely misses you.
You claw the kobold!
You kill the kobold!
You claw the adder!
You kill the adder!
The kobold misses you.
You see here an adder corpse.
You claw the kobold!
You kill the kobold!
No target in view!
Found a Fen Folio.
f - 3 scrolls labelled YZYULY ISTRUEPN (gained 1)
a - a sedimented puce potion A giant cockroach comes into view.
A giant cockroach is nearby!
A giant cockroach is nearby!
The giant cockroach closely misses you.
A ribbon worm comes into view.
The giant cockroach barely misses you.
You scratch the giant cockroach.
You kill the giant cockroach!
Your Unarmed Combat skill increases to level 4!
You barely miss the ribbon worm. Your bite misses the ribbon worm.
The ribbon worm expels a string of sticky webbing.
The stream of webbing hits you but does no damage.
You are caught in a web!
You are caught in a web!
You are caught in a web!
You struggle to detach yourself from the web.
The ribbon worm bites you.
You struggle to detach yourself from the web.
The web tears apart.
The ribbon worm bites you!
You scratch the ribbon worm but do no damage.
The ribbon worm expels a string of sticky webbing.
The stream of webbing misses you.
You scratch the ribbon worm.
The ribbon worm is lightly wounded.
The ribbon worm bites you!
You die...

#.####.).####
#...........##
#.#####.†......#
#...!<..).........
#######.......####
#......†......
#..............
#...............
#.....h.........
#.....w.....##
#......######
..........
..........
....:......#
..........
..........#


You could see a ribbon worm (catching breath).

Vanquished Creatures
  2 gnolls (D:1)
  An adder (D:2)
  2 endoplasms
  4 giant cockroaches
  A hobgoblin (D:1)
  4 jackals (D:1)
  4 kobolds
  4 quokkas (D:1)
  A frilled lizard (D:1)
  2 goblins (D:1)
  A rat (D:1)
26 creatures vanquished.

Notes
Turn   | Place    | Note
-------+----------+-------------------------------------------
     0 | D:1      | hawla the Felid Shapeshifter began the quest for the Orb.
     0 | D:1      | Reached XP level 1. HP: 10/10 MP: 2/2
   137 | D:1      | Slain by a jackal
   137 | D:1      | Lost a life (0 lives remaining)
   191 | D:1      | Reached XP level 2. HP: 14/14 MP: 3/3
   337 | D:1      | Reached XP level 3. HP: 3/18 MP: 4/4
   983 | D:2      | Reached skill level 4 in Unarmed Combat
   991 | D:2      | Slain by a ribbon worm

Illustrated notes

Levels and vault maps discovered:
D:1:      minmay_arrival_four_houses, layout_loops_corners
D:2:      layout_basic, serial_shops, shop, minmay_crystal_room, uniq_natasha,
          uniq_sigmund

Skill      XL: |  1  2  3 |
---------------+----------+-----
Shapeshifting  | 3 |  3.4
Unarmed Combat | 4 |  4.0
Fighting       | |  1.0
Dodging        | |  2.6

Action                     || total
---------------------------++-------
  Melee: Unarmed           ||    66
         Bite              ||     7
         Punch             ||     2
    Use: Potion            ||     1
         Scroll            ||     1
   Stab: Sleeping          ||     2
 Armour: Skin              ||    26
  Dodge: Dodged            ||    47
